[Event "44th Chess Olympiad Women 2022"]
[Site "Chennai"]
[Date "2022.07.31"]
[Round "3.2"]
[White "Sucikova, Svetlana"]
[Black "Osmak, Yuliia"]
[Result "0-1"]
[WhiteElo "2188"]
[BlackElo "2420"]
[Annotator "RC"]
[PlyCount "188"]
[EventDate "2022.??.??"]
[TimeControl "60"]

1. d4 d5 2. Nf3 Nf6 3. g3 Bf5 4. Bg2 c6 5. O-O e6 6. c4 Be7 7. Qb3 Qb6 8. c5 Qa6 9. Nc3 b6 10. cxb6 axb6 11. Bf4 O-O 12. Ne5 c5 13. e3 h6 14. h4 Bh7 15. Rfc1 Nfd7 16. Qb5 Nxe5 17. Bxe5 Bd3 18. Qxa6 Nxa6 19. Rd1 Bh7 20. Nb5 Rfd8 21. Nc7 Ra7 22. Nxa6 Rxa6 23. Bf1 c4 24. h5 b5 25. a3 Rda8 26. Rac1 Ra4 27. f3 b4 28. axb4 Rxb4 29. Ra1 Rba4 30. Rxa4 Rxa4 31. Rc1 f6 32. Bf4 Ra2 33. b3 Ba3 34. Re1 Bb4 35. Rc1 Ba3 36. Re1 cxb3 37. e4 b2 38. Bd3 Ra1 39. Rb1 Kf8 40. Kf2 dxe4 41. fxe4 Bg8 42. Bd2 e5 43. Bc3 Bc4 44. Bc2 Bb3 45. Bd3 Rxb1 46. Bxb1 exd4 47. Bxd4 Bd1 48. Ke1 Bxh5 49. Kd2 Bg4 50. e5 f5 51. Kc3 g5 52. Kb3 Be7 53. Kxb2 Bb4 54. Bf2 Ke7 55. Ba2 Bd1 56. Bc4 Ba4 57. Bd5 Kd7 58. Bc4 Ke8 59. Be6 Bd7 60. Bd5 Bb5 61. Kb3 Bd2 62. Kc2 Ba5 63. Be6 Bd7 64. Bd5 Bb4 65. Kd3 Bb5+ 66. Kd4 Ke7 67. Bg8 Ba3 68. Kc3 Ba4 69. Bd5 Kd7 70. Bg8 Bd1 71. Bd5 Be7 72. Bb6 Ba4 73. Kd4 Ba3 74. Kc3 Bc6 75. Bc4 Ke8 76. Kb3 Bc1 77. Kc2 Ba3 78. Kb3 Be7 79. Kc3 Bd8 80. Bf2 Bc7 81. e6 Ke7 82. Bc5+ Kf6 83.
Bd4+ Kg6 84. Bf2 Bd6 85. Kd4 Kf6 86. Kd3 Bb7 87. Bd4+ Ke7 88.
Bf2 Bc8 89. Bd4 Bxg3 90. Bg7 h5 91. Kd4 Bxe6 92. Bh6 Bf4 93.
Bf8+ Kf7 94. Bxe6+ Kxe6 0-1

[Event "44th Chess Olympiad Women 2022"]
[Site "Chennai"]
[Date "2022.07.31"]
[Round "3.3"]
[White "Arabidze, Meri"]
[Black "Koubova, Anna Marie"]
[Result "1/2-1/2"]
[WhiteElo "2426"]
[BlackElo "2115"]
[Annotator "RC"]
[PlyCount "118"]
[EventDate "2022.??.??"]
[TimeControl "60"]

1. d4 Nf6 2. c4 e6 3. Nc3 Bb4 4. e3 O-O 5. Bd3 d5 6. a3 Bxc3+ 7. bxc3 b6 8.
cxd5 exd5 9. Ne2 c5 10. O-O Ba6 11. f3 Re8 12. Ng3 Qd7 13.
Ra2 Bxd3 14. Qxd3 Nc6 15. Re2 h5 16. Bb2 Rad8 17. Ree1 Re6 18. Ne2 Rde8 19. Nf4 R6e7 20. Nh3 Na5 21. Ng5 Nc4 22. Bc1 Nd6 23.
Rd1 Qb5 24. Qc2 Nc4 25. e4 dxe4 26. a4 Qc6 27. fxe4 Nxe4 28. d5 Qg6 29. Nxe4 Rxe4 30. Qd3 Ne3 31. Bxe3 Rxe3 32. Qxg6 fxg6 33. c4 R3e4 34. Rc1 Rd4 35. Rc2 Ree4 36. Rfc1 Kf7 37. a5 bxa5 38. Ra1 Rxc4 39. Rxc4 Rxc4 40. Rxa5 Ke7 41. Ra6 Rd4 42. Rxg6 a5 43. Ra6 Rxd5 44. Rxa5 Rf5 45. Ra7+ Kf6 46. h4 g5 47. g4 hxg4 48. h5 Ke5 49. h6 Kd4 50. h7 Rf8 51. Kg2 c4 52. Rd7+ Ke3 53.
Kg3 c3 54. Rc7 Kd2 55. Kxg4 c2 56. Kxg5 c1=Q 57. Rxc1 Kxc1 58. Kg6 Ra8 59. Kg7 Kd2 1/2-1/2

[Event "44th Chess Olympiad Women 2022"]
[Site "Chennai"]
[Date "2022.07.31"]
[Round "3.3"]
[White "Batsiashvili, Nino"]
[Black "Worek, Joanna"]
[Result "1-0"]
[WhiteElo "2466"]
[BlackElo "2280"]
[Annotator "RC"]
[PlyCount "63"]
[EventDate "2022.??.??"]
[TimeControl "60"]

1. d4 g6 2. e4 Nf6 3. e5 Nh5 4. Be2 d6 5. Nf3 dxe5 6. Nxe5 Nf6 7. Bc4 e6 8. Nc3 Bg7 9. Bg5 h6 10. Bh4 Nc6 11. Nxc6 bxc6 12. O-O O-O 13. Re1 Qd6 14. Bg3 Qb4 15. Qd3 Nd5 16. a3 Qb6 17. Be5 Rd8 18.
Na4 Qb8 19. Bb3 a5 20. Nc5 Ne7 21. Bxg7 Kxg7 22. Rad1 Qb5 23. Qe4 a4 24. Qe5+ Kf8 25. Qxc7 Re8 26. c4 Qb8 27. Qxb8 Rxb8 28. Bxa4 Rxb2 29. d5 exd5 30. cxd5 Rd8 31. d6 Nd5 32. d7 1-0

[Event "44th Chess Olympiad Women 2022"]
[Site "Chennai"]
[Date "2022.07.31"]
[Round "3.3"]
[White "Movsesian, Julia"]
[Black "Dzagnidze, Nana"]
[Result "1/2-1/2"]
[WhiteElo "2291"]
[BlackElo "2531"]
[Annotator "RC"]
[PlyCount "52"]
[EventDate "2022.??.??"]
[TimeControl "60"]

1. e4 c5 2. Nc3 Nc6 3. Bb5 g6 4. Bxc6 dxc6 5. d3 Bg7 6.
Be3 b6 7. Qd2 e5 8. f4 Nf6 9. fxe5 Ng4 10. Bg5 Qc7 11. Nf3 Be6 12. O-O h6 13. Bf4 O-O-O 14. a4 a5 15. Ne2 Kb7 16. b3 Nxe5 17. Nxe5 Bxe5 18. Rae1 Rde8 19. Rf2 f5 20. Bxe5 Qxe5 21. Ng3 Bd7 22. Ref1 fxe4 23. Nxe4 Bf5 24. Ng3 Bd7 25. Ne4 Bf5 26. Ng3 Bd7 1/2-1/2

[Event "44th Chess Olympiad Women 2022"]
[Site "Chennai"]
[Date "2022.07.31"]
[Round "3.3"]
[White "Pilsova, Karolina"]
[Black "Melia, Salome"]
[Result "1/2-1/2"]
[WhiteElo "2230"]
[BlackElo "2384"]
[Annotator "RC"]
[PlyCount "111"]
[EventDate "2022.??.??"]
[TimeControl "60"]

1. e4 c5 2. Nf3 Nc6 3. d4 cxd4 4. Nxd4 Nf6 5. Nc3 e5 6.
Ndb5 d6 7. Bg5 a6 8. Na3 b5 9. Nd5 Be7 10. Bxf6 Bxf6 11. c3 O-O 12. Nc2 Rb8 13. h4 g6 14. h5 Bg5 15. a4 bxa4 16. Ncb4 Nxb4 17. cxb4 Bb7 18. Rxa4 Rc8 19. Ra1 Bxd5 20. Qxd5 Qb6 21. Qb3 Qd4 22. Bd3 Bc1 23. O-O Bxb2 24. Rad1 Rb8 25. hxg6 hxg6 26. Bc4 Qc3 27. Qxc3 Bxc3 28. Rxd6 Kg7 29. Rxa6 Rxb4 30. Bd5 Bd4 31. Ra3 Rc8 32. Rb3 Rxb3 33. Bxb3 Rb8 34. Rb1 Rb6 35. Ba2 Rf6 36. Rf1 Rc6 37. Bd5 Rc2 38. g3 f5 39. Kg2 Kf6 40. Bb7 Rb2 41. Bd5 Rd2 42. Bb7 Kg5 43.
Kf3 Rd3+ 44. Kg2 Rd2 45. Kf3 Rc2 46. Bd5 Kf6 47. Bb7 Rc3+ 48.
Ke2 f4 49. gxf4 exf4 50. f3 Ke5 51. Kd2 Ra3 52. Bc8 Bc3+ 53.
Kc2 Bd4 54. Bg4 Ra1 55. Rxa1 Bxa1 56. Kd3 1/2-1/2

[Event "44th Chess Olympiad Women 2022"]
[Site "Chennai"]
[Date "2022.07.31"]
[Round "3.4"]
[White "Bach, Ngoc Thuy Duong"]
[Black "Malicka, Maria"]
[Result "1/2-1/2"]
[WhiteElo "2192"]
[BlackElo "2393"]
[Annotator "RC"]
[PlyCount "148"]
[EventDate "2022.??.??"]
[TimeControl "60"]

1. d4 Nf6 2. c4 e6 3. Nc3 Bb4 4. Qc2 O-O 5. a3 Bxc3+ 6. Qxc3 d5 7. Bg5 c5 8. cxd5 cxd4 9. Qxd4 Nc6 10. Qh4 exd5 11. e3 d4 12. Bd3 Qa5+ 13.
Ke2 Bf5 14. Bxf5 Qxf5 15. Bxf6 gxf6 16. Nh3 Qc2+ 17. Kf1 Qxb2 18. Re1 dxe3 19. fxe3 Rfd8 20. Nf4 Qb5+ 21. Kg1 Qg5 22. Qf2 Qa5 23. h3 Ne7 24. Kh2 Qe5 25. Rhf1 Rac8 26. Qf3 b5 27. Rd1 Ng6 28. Kh1 Nxf4 29. exf4 Qf5 30. Rxd8+ Rxd8 31. Qb7 Qc5 32. Rf3 h5 33. Rg3+ Kf8 34. Kh2 a5 35. Qa6 h4 36. Rg4 Rd1 37. Qa8+ Ke7 38.
Qe4+ Kd6 39. Rxh4 Qg1+ 40. Kg3 Qe1+ 41. Qxe1 Rxe1 42. Rh5 Rb1 43. a4 bxa4 44. Rxa5 Ra1 45. h4 Ke7 46. Kg4 Kf8 47. Kf5 Kg7 48. g4 a3 49. h5 a2 50. Ra8 Rb1 51. Rxa2 Rb5+ 52. Ke4 f5+ 53. gxf5 Rb4+ 54. Kf3 Rb1 55. Rg2+ Kf6 56. Kg4 Rh1 57. Rg3 Kg7 58. Kf3+ Kf6 59. Kg4 Kg7 60. Kg5 f6+ 61. Kg4 Rf1 62. Ra3 Rg1+ 63. Kh4 Rh1+ 64. Rh3 Rf1 65. Kg3 Kh6 66. Rh4 Ra1 67. Kf3 Ra4 68. Rh2 Rb4 69. Re2 Rb5 70. Re6 Rxf5 71. Kg4 Rxh5 72. Rxf6+ Kg7 73. Ra6 Rb5 74. f5 Rb1 1/2-1/2

[Event "44th Chess Olympiad Women 2022"]
[Site "Chennai"]
[Date "2022.07.31"]
[Round "3.4"]
[White "Hoang, Thi Bao Tram"]
[Black "Socko, Monika"]
[Result "1/2-1/2"]
[WhiteElo "2288"]
[BlackElo "2416"]
[Annotator "RC"]
[PlyCount "113"]
[EventDate "2022.??.??"]
[TimeControl "60"]

1. Nf3 Nf6 2. g3 b5 3. Bg2 Bb7 4. O-O e6 5. d3 Be7 6. e4 d6 7. Nbd2 O-O 8. Re1 c5 9. b3 Nc6 10. Bb2 e5 11. Nf1 a5 12. a4 bxa4 13.
Rxa4 Nd4 14. Ne3 Bc6 15. Ra1 Qc7 16. Nd2 Rfb8 17. Ndc4 a4 18.
bxa4 Bxa4 19. Qd2 Bd7 20. Kh1 Rxa1 21. Rxa1 Qc8 22. f4 Be6 23. Bc3 exf4 24. gxf4 Bf8 25. Rf1 Qd7 26. Qf2 Qa4 27. e5 dxe5 28. fxe5 Ne8 29. Be4 Qd7 30. Ng2 Nc7 31. Nf4 Bf5 32. Bg2 Ncb5 33. Bb2 g6 34. Nd5 Bg7 35. Bc1 Nc7 36. Nde3 Be6 37. Ba3 Nd5 38. Nxd5 Bxd5 39. Bxc5 Bxg2+ 40. Qxg2 Nf5 41. Nd6 Nxd6 42. Bxd6 Re8 43. Qe4 Qe6 44. Qf3 Bf8 45. c4 Bxd6 46. exd6 Rc8 47. Qb7 h5 48. Qf3 Rc5 49. Qa8+ Kg7 50. Qa1+ Kg8 51. Qf6 Qd7 52. Re1 Rf5 53. Qe7 Qc6+ 54. Re4 Qc5 55. Re1 Qc6+ 56. Re4 Qc5 57. Re1 1/2-1/2

[Event "44th Chess Olympiad Women 2022"]
[Site "Chennai"]
[Date "2022.07.31"]
[Round "3.4"]
[White "Kashlinskaya, Alina"]
[Black "Vo, Thi Kim Phung"]
[Result "1-0"]
[WhiteElo "2505"]
[BlackElo "2333"]
[Annotator "RC"]
[PlyCount "141"]
[EventDate "2022.??.??"]
[TimeControl "60"]

1. e4 e6 2. d4 d5 3. e5 c5 4. c3 Nc6 5. Nf3 Bd7 6. Be2 Nge7 7. O-O cxd4 8.
cxd4 Nf5 9. Nc3 Be7 10. Bd3 g6 11. Bxf5 gxf5 12. Bf4 O-O 13.
Bh6 Re8 14. Qd2 f6 15. Rfe1 Bf8 16. Qf4 Ne7 17. exf6 Ng6 18. Qg5 Bxh6 19. f7+ Kxf7 20. Qxh6 Kg8 21. Ng5 Re7 22. Nxh7 Rxh7 23. Qxg6+ Rg7 24. Qh6 Qb6 25. Qd2 Rf8 26. Ne2 f4 27. Nxf4 Rg4 28. Ne2 e5 29. h3 Qf6 30. Rf1 Rg6 31. dxe5 Qxe5 32. Ng3 d4 33. Rad1 Rd6 34. Rfe1 Qg7 35. Qb4 Rd5 36. Qxb7 Rb5 37. Qxa7 Rxb2 38. Qxd4 Qxd4 39. Rxd4 Rfxf2 40. Ne2 Rf7 41. Nf4 Rxa2 42. Re3 Rg7 43. Kh2 Bc6 44. Rg3 Rxg3 45. Kxg3 Kf7 46. h4 Ra3+ 47. Kg4 Ra2 48. g3 Ra3 49. h5 Bf3+ 50. Kh4 Ra1 51. g4 Kf6 52. Nd3 Rh1+ 53. Kg3 Be2 54. Nf4 Rg1+ 55. Kf2 Rxg4 56. Kxe2 Rg3 57. Rd3 Rg1 58. Kf3 Rf1+ 59. Kg4 Rg1+ 60. Rg3 Rh1 61. Nh3 Rh2 62. Rf3+ Kg7 63. Rf2 Rh1 64. Ra2 Rb1 65. Ra7+ Kh6 66. Ra6+ Kg7 67. h6+ Kh8 68. Ng5 Rb4+ 69. Kh5 Rb8 70. Ra7 Re8 71. Rh7+ 1-0

[Event "44th Chess Olympiad Women 2022"]
[Site "Chennai"]
[Date "2022.07.31"]
[Round "3.4"]
[White "Kiolbasa, Oliwia"]
[Black "Nguyen, Thi Mai Hung"]
[Result "1-0"]
[WhiteElo "2376"]
[BlackElo "2223"]
[Annotator "RC"]
[PlyCount "149"]
[EventDate "2022.??.??"]
[TimeControl "60"]

1. e4 e6 2. d4 d5 3. e5 c5 4. c3 Qb6 5. Nf3 Bd7 6. Bd3 cxd4 7. O-O Bb5 8.
Bxb5+ Qxb5 9. cxd4 Qa6 10. Nc3 Nc6 11. Bd2 Nge7 12. a4 Nf5 13.
Nb5 Rc8 14. Qb3 Be7 15. Rfc1 O-O 16. g4 Nh4 17. Nxh4 Bxh4 18. g5 Ne7 19. Nd6 Qe2 20. Qe3 Qg4+ 21. Kh1 Nf5 22. Nxf5 Qxf5 23. f3 f6 24. gxf6 gxf6 25. Qf4 Qxf4 26. Bxf4 Bf2 27. Bh6 Rfe8 28. Rg1+ Bxg1 29. Rxg1+ Kh8 30. Bg7+ Kg8 31. Bh6+ Kh8 32. exf6 Rc7 33. Bf4 Rf7 34. Rc1 h6 35. Be5 Kh7 36. Kg2 Rg8+ 37. Kf2 Rd7 38. b4 a6 39. b5 axb5 40. axb5 Rf7 41. h4 h5 42. Ke3 Rg2 43.
Kf4 Rg8 44. b6 Kh6 45. Ke3 Rg2 46. Rc8 Rb2 47. Bf4+ Kh7 48. Bg5 Rxb6 49. Kf4 Rb2 50. Ke5 Re2+ 51. Kd6 Kg6 52. Rg8+ Kf5 53. Rg7 Rxf6 54. Ke7 e5 55. Bxf6 exd4+ 56. Kf7 d3 57. Rg5+ Kf4 58. Rxd5 d2 59. Rd3 b5 60. Bg5+ Kg3 61. Kg6 b4 62. Rxd2 Rxd2 63. Bxd2 b3 64. Bc3 Kxh4 65. f4 Kg4 66. f5 h4 67. f6 h3 68. f7 h2 69. f8=Q h1=Q 70.
Qf5+ Kg3 71. Be5+ Kg2 72. Qe4+ Kg1 73. Qe1+ Kg2 74. Qe2+ Kh3 75. Kh5 1-0

[Event "44th Chess Olympiad Women 2022"]
[Site "Chennai"]
[Date "2022.07.31"]
[Round "3.5"]
[White "Brunello, Marina"]
[Black "Sebag, Marie"]
[Result "1/2-1/2"]
[WhiteElo "2341"]
[BlackElo "2447"]
[Annotator "RC"]
[PlyCount "69"]
[EventDate "2022.??.??"]
[TimeControl "60"]

1. e4 c5 2. Nf3 d6 3. Bb5+ Bd7 4. Bxd7+ Qxd7 5. O-O Nc6 6. c3 Nf6 7. Qe2 e6 8. d4 cxd4 9. cxd4 d5 10. e5 Ne4 11. Nbd2 Nxd2 12. Bxd2 Bb4 13. Be3 O-O 14. h4 Ne7 15. h5 h6 16. g4 Rfc8 17. Kh1 Qa4 18. b3 Qa6 19. Qxa6 bxa6 20. a3 Ba5 21. b4 Bb6 22. Rac1 a5 23. bxa5 Bxa5 24. Rb1 Rab8 25. Kg2 Kf8 26. Rfc1 Rxb1 27. Rxb1 Bb6 28. Rb3 Rc4 29. Kf1 Nc6 30. Ke2 Na5 31. Rd3 Rc2+ 32. Rd2 Rc3 33. Rd3 Rc2+ 34. Rd2 Rc3 35. Rd3 1/2-1/2

[Event "44th Chess Olympiad Women 2022"]
[Site "Chennai"]
[Date "2022.07.31"]
[Round "3.5"]
[White "Gueci, Tea"]
[Black "Milliet, Sophie"]
[Result "1/2-1/2"]
[WhiteElo "2254"]
[BlackElo "2396"]
[Annotator "RC"]
[PlyCount "124"]
[EventDate "2022.??.??"]
[TimeControl "60"]

1. e4 e5 2. Nf3 Nc6 3. Bb5 a6 4. Ba4 Nf6 5. d3 b5 6. Bb3 Bc5 7. c3 d6 8. O-O h6 9. Re1 O-O 10. h3 Re8 11. Nbd2 Bb6 12. Nf1 Be6 13.
Ng3 d5 14. Qe2 d4 15. Bxe6 Rxe6 16. Nf5 Qd7 17. Rd1 Bc5 18. Bd2 Bf8 19. Rac1 Kh7 20. cxd4 Nxd4 21. N3xd4 exd4 22. f4 c5 23. b3 Rc8 24. e5 Nd5 25. Qe4 Kg8 26. Re1 b4 27. Rc2 Nc3 28. Qf3 Rd8 29. Ng3 Qd5 30. Ne4 a5 31. Bc1 a4 32. Nd2 Qxf3 33. Nxf3 axb3 34. axb3 Ra6 35. f5 Rda8 36. Bb2 Be7 37. Nd2 Ra2 38. Nc4 Bh4 39. Rf1 Bg5 40. g3 h5 41. Rg2 Nd5 42. e6 fxe6 43. fxe6 Ne3 44. Nxe3 Bxe3+ 45. Kh2 Re8 46. Rf5 Rxe6 47. Rxc5 h4 48. Rcc2 Rf6 49. gxh4 Rf1 50. Rge2 Rd1 51. h5 Rxd3 52. Rg2 Rd1 53. h4 Ra5 54. Rc4 Rxh5 55. Rxb4 Rxh4+ 56. Kg3 Rh6 57. Kf3 Rf6+ 58. Ke4 Rf4+ 59. Kd5 Rf5+ 60. Ke4 Rf4+ 61. Kd5 Rf5+ 62. Ke4 Rf4+ 1/2-1/2

[Event "44th Chess Olympiad Women 2022"]
[Site "Chennai"]
[Date "2022.07.31"]
[Round "3.5"]
[White "Guichard, Pauline"]
[Black "Zimina, Olga"]
[Result "1-0"]
[WhiteElo "2379"]
[BlackElo "2340"]
[Annotator "RC"]
[PlyCount "57"]
[EventDate "2022.??.??"]
[TimeControl "60"]

1. d4 d5 2. c4 c6 3. cxd5 cxd5 4. Bf4 Nc6 5. e3 Nf6 6. Nc3 Bg4 7. f3 Bf5 8. g4 Bg6 9. h4 h6 10. Qb3 Qd7 11. Bb5 e6 12. Rc1 Bd6 13.
Nge2 Rc8 14. Na4 O-O 15. Nc5 Bxc5 16. Rxc5 a6 17. Bxc6 Rxc6 18. Rxc6 Qxc6 19. Kf2 Rc8 20. h5 Bc2 21. Qb4 Bd3 22. Nc3 b5 23. g5 hxg5 24. Bxg5 Nh7 25. Bf4 Qc4 26. Qe7 b4 27. Rg1 bxc3 28. Be5 g5 29. hxg6 1-0

[Event "44th Chess Olympiad Women 2022"]
[Site "Chennai"]
[Date "2022.07.31"]
[Round "3.5"]
[White "Savina, Anastasia"]
[Black "Raccanello, Marianna"]
[Result "1-0"]
[WhiteElo "2377"]
[BlackElo "2067"]
[Annotator "RC"]
[PlyCount "63"]
[EventDate "2022.??.??"]
[TimeControl "60"]

1. d4 Nf6 2. c4 e6 3. Nc3 Bb4 4. e3 O-O 5. Bd2 d5 6. Nf3 b6 7. cxd5 exd5 8.
Rc1 Bb7 9. Bd3 a6 10. Ne5 Bd6 11. f4 Nbd7 12. O-O c5 13. Be1 Ne4 14. Nxe4 dxe4 15. Bc4 cxd4 16. Nxd7 Qxd7 17. Qxd4 Rfd8 18. Bc3 Bf8 19. Qxb6 Rac8 20. Bd4 Rc6 21. Qa5 Rdc8 22. b3 Be7 23. Rcd1 Qg4 24. h3 Qg3 25. Qf5 Bf6 26. Bxf6 Qxe3+ 27. Kh2 gxf6 28. Rd7 R6c7 29. Bxf7+ Kf8 30. Be6 Qc3 31. Qxh7 Rxd7 32. Qg8+ 1-0

[Event "44th Chess Olympiad Women 2022"]
[Site "Chennai"]
[Date "2022.07.31"]
[Round "3.6"]
[White "Avramidou, Anastasia"]
[Black "Balajayeva, Khanim"]
[Result "1/2-1/2"]
[WhiteElo "2274"]
[BlackElo "2344"]
[Annotator "RC"]
[PlyCount "62"]
[EventDate "2022.??.??"]
[TimeControl "60"]

1. d4 d5 2. c4 dxc4 3. Nf3 Nf6 4. e3 e6 5. Bxc4 c5 6. O-O a6 7. Re1 Nc6 8. Nc3 b5 9. Bd3 Bb7 10. a4 b4 11. Ne4 Na5 12. Nxf6+ Qxf6 13. e4 Qd8 14. Bg5 Be7 15. Bxe7 Qxe7 16. dxc5 Qxc5 17. Rc1 Qe7 18. Qc2 O-O 19. Qc5 Qxc5 20. Rxc5 Rfd8 21. Bf1 Nc6 22. Rec1 Rac8 23. h3 Nb8 24. Rxc8 Rxc8 25. Rxc8+ Bxc8 26. Ne5 Kf8 27. Nd3 Nc6 28. Nc5 Nb8 29. Nd3 Nc6 30. Nc5 Nb8 31. Nd3 Nc6 1/2-1/2

[Event "44th Chess Olympiad Women 2022"]
[Site "Chennai"]
[Date "2022.07.31"]
[Round "3.6"]
[White "Beydullayeva, Govhar"]
[Black "Pavlidou, Ekaterini"]
[Result "1-0"]
[WhiteElo "2390"]
[BlackElo "2138"]
[Annotator "RC"]
[PlyCount "101"]
[EventDate "2022.??.??"]
[TimeControl "60"]

1. Nf3 Nf6 2. c4 e6 3. Nc3 d5 4. d4 h6 5. Bf4 Bd6 6. Bxd6 Qxd6 7. c5 Qe7 8. e3 O-O 9. Be2 c6 10. b4 Nfd7 11. e4 b6 12. O-O Bb7 13.
Re1 a5 14. a3 dxe4 15. Nxe4 Na6 16. Nd6 Nf6 17. Qb3 a4 18. Qc2 b5 19. Ne5 Rad8 20. Bf3 Rxd6 21. cxd6 Qxd6 22. Rac1 Rc8 23. Qd2 Nd5 24. Be4 f6 25. Nd3 Nac7 26. Nc5 Ba8 27. Bb1 Re8 28. Qc2 f5 29. Nd3 Nf6 30. Qc5 Qd8 31. Ne5 Nfd5 32. Ba2 Qg5 33. Nf3 Qf4 34. Qc2 c5 35. dxc5 Qg4 36. Ne5 Qg5 37. c6 Nf4 38. f3 Nfd5 39. Bxd5 Nxd5 40. Kh1 Ne3 41. Qe2 f4 42. Ng4 Nc4 43. Rxc4 bxc4 44. Qxc4 Qd8 45. b5 Qd6 46. Qxa4 Rd8 47. Nf2 Qc5 48. Ne4 Qb6 49. Qc4 Qe3 50. Qc1 Qd3 51. b6 1-0

[Event "44th Chess Olympiad Women 2022"]
[Site "Chennai"]
[Date "2022.07.31"]
[Round "3.6"]
[White "Mammadzada, Gunay"]
[Black "Tsolakidou, Stavroula"]
[Result "1/2-1/2"]
[WhiteElo "2455"]
[BlackElo "2362"]
[Annotator "RC"]
[PlyCount "85"]
[EventDate "2022.??.??"]
[TimeControl "60"]

1. e4 e5 2. Nf3 Nc6 3. Bb5 a6 4. Ba4 Nf6 5. O-O b5 6. Bb3 Bb7 7. Re1 Bc5 8. c3 O-O 9. d4 Bb6 10. Bg5 h6 11. Bh4 d6 12. a4 exd4 13.
cxd4 g5 14. Nxg5 hxg5 15. Bxg5 Nxd4 16. Bd5 Bxd5 17. exd5 Nf5 18. Qf3 Nd4 19. Qg3 Nh5 20. Qh4 Qd7 21. Be3 Rfe8 22. Qxh5 Qf5 23. Qxf5 Nxf5 24. axb5 Nxe3 25. fxe3 Bxe3+ 26.
Kf1 a5 27. Ra3 Bb6 28. Rg3+ Kf8 29. Nc3 Rxe1+ 30. Kxe1 a4 31. h4 Bd4 32. Kd2 Be5 33. Rg4 Ra5 34. Rc4 Bxc3+ 35. Kxc3 Rxb5 36. Rxc7 Rb3+ 37. Kc2 Rg3 38. Rc4 Rxg2+ 39. Kc3 Rg3+ 40. Kc2 Rg2+ 41. Kc1 Rg1+ 42. Kc2 Rg2+ 43. Kc1 1/2-1/2

[Event "44th Chess Olympiad Women 2022"]
[Site "Chennai"]
[Date "2022.07.31"]
[Round "3.6"]
[White "Markantonaki, Haritomeni"]
[Black "Mammadova, Gulnar"]
[Result "1/2-1/2"]
[WhiteElo "2154"]
[BlackElo "2380"]
[Annotator "RC"]
[PlyCount "113"]
[EventDate "2022.??.??"]
[TimeControl "60"]

1. e4 e5 2. Nf3 Nc6 3. Nc3 Nf6 4. d4 exd4 5. Nxd4 Bb4 6.
Nxc6 bxc6 7. Bd3 d5 8. exd5 cxd5 9. O-O O-O 10. h3 c6 11.
Qf3 Bd6 12. Bf4 Rb8 13. b3 Rb4 14. Bxd6 Qxd6 15. Rfe1 g6 16.
Rad1 Kg7 17. Na4 Be6 18. c3 Rb7 19. Qe3 Re7 20. Qd4 Rfe8 21.
Nc5 Bc8 22. Rxe7 Qxe7 23. b4 Kg8 24. a4 Nh5 25. Kh2 Qg5 26.
b5 cxb5 27. axb5 Nf4 28. Bf1 Re7 29. g3 Ne6 30. Qxd5 Rc7 31.
Ne4 Qxd5 32. Nf6+ Kf8 33. Nxd5 Rd7 34. c4 Nc5 35. Ra1 Kg7 36.
h4 f5 37. Nb4 Kf6 38. Bg2 h6 39. Nc6 a6 40. Nb8 Rd6 41. Ra5 axb5 42. Rxb5 Nd3 43. f4 Re6 44. Bd5 Re2+ 45. Kg1 g5 46. Rb6+ Kg7 47. Rc6 g4 48. Rc7+ Kf6 49. Rxc8 Re1+ 50. Kg2 Re2+ 51. Kg1 Re1+ 52. Kh2 Re2+ 53. Kh1 Re1+ 54. Kg2 Re2+ 55. Kg1 Re1+ 56. Kh2 Re2+ 57. Kg1 1/2-1/2

[Event "44th Chess Olympiad Women 2022"]
[Site "Chennai"]
[Date "2022.07.31"]
[Round "3.7"]
[White "Abrahamyan, Tatev"]
[Black "Mungunzul, Bat-Erdene"]
[Result "0-1"]
[WhiteElo "2291"]
[BlackElo "2163"]
[Annotator "RC"]
[PlyCount "115"]
[EventDate "2022.??.??"]
[TimeControl "60"]

1. e4 e5 2. Bc4 Nc6 3. Nf3 Bc5 4. O-O Nf6 5. d3 h6 6. c3 d6 7. Nbd2 O-O 8. h3 a6 9. Bb3 Re8 10. Re1 Be6 11. Bc2 d5 12. exd5 Bxd5 13.
Ne4 Nxe4 14. dxe4 Be6 15. Qe2 Qf6 16. b4 Ba7 17. Be3 Ne7 18.
Nh2 Bxe3 19. Qxe3 Ng6 20. Ng4 Qh4 21. Qf3 Rad8 22. Ne3 Rd2 23.
Rad1 Red8 24. Bb3 Bxb3 25. axb3 R2d3 26. Qg4 Qxg4 27. hxg4 Nf4 28. Kf1 c6 29. g3 Ne6 30. Rxd3 Rxd3 31. Rc1 Rd2 32. Nc4 Ra2 33. Nxe5 Ng5 34. Re1 f6 35. Nc4 Nf3 36. Rd1 Nh2+ 37. Kg2 Nxg4 38. Rd2 Rxd2 39. Nxd2 Kf8 40. f4 Ke7 41. Kf3 h5 42. Ke2 Ke6 43. Nf3 g6 44. Nd4+ Kd6 45. Nf3 Ke6 46. Ne1 Kd6 47. Nd3 b6 48. Nb2 c5 49. Nd3 cxb4 50. Nxb4 a5 51. Nd5 b5 52. Kd3 g5 53. Ke2 h4 54. gxh4 gxh4 55. Kf3 h3 56. Nb6 h2 57. Kg2 Ne3+ 58.
Kxh2 0-1

[Event "44th Chess Olympiad Women 2022"]
[Site "Chennai"]
[Date "2022.07.31"]
[Round "3.7"]
[White "Enkhtuul, Altan-Ulzii"]
[Black "Tokhirjonova, Gulrukhbegim"]
[Result "1/2-1/2"]
[WhiteElo "2267"]
[BlackElo "2329"]
[Annotator "RC"]
[PlyCount "198"]
[EventDate "2022.??.??"]
[TimeControl "60"]

1. e4 e5 2. Nf3 Nc6 3. Nc3 Nf6 4. d4 exd4 5. Nxd4 Bb4 6.
Nxc6 bxc6 7. Bd3 d5 8. exd5 O-O 9. O-O cxd5 10. h3 Rb8 11.
Bf4 Bd6 12. Bxd6 Qxd6 13. b3 c5 14. Re1 Rd8 15. Qe2 Be6 16.
Rad1 Qf4 17. Qe5 Qb4 18. a3 Qa5 19. Ra1 Rbc8 20. b4 cxb4 21.
axb4 Qxb4 22. Nb5 Nd7 23. Qg3 d4 24. Reb1 Qc5 25. Nd6 Ne5 26.
Nb7 Qc7 27. Nxd8 Rxd8 28. Rb5 Rd5 29. Rxd5 Bxd5 30. Qh4 Nxd3 31. cxd3 Qb6 32. Qe7 h6 33. Qd7 Ba2 34. Qc8+ Kh7 35. Qf5+ Kg8 36. Qc8+ Kh7 37. Rc1 Be6 38. Qc5 Qb2 39. Rf1 a6 40. f4 g6 41. Re1 Qd2 42. Re4 Qxd3 43. Rxd4 Qe3+ 44. Kh2 a5 45. Qd6 h5 46. Ra4 Bxh3 47. Ra3 Qe6 48. Qxe6 Bxe6 49. Rxa5 Kg7 50. Kg3 Bg4 51. Kh4 Be6 52. Ra7 Bg4 53. Kg3 Be6 54. Ra5 Bg4 55. Rc5 Be6 56. Kf3 Bg4+ 57. Ke4 Be6 58. g3 Kf6 59. Rc6 Kg7 60. Ke5 Bg4 61. Rf6 Bh3 62. Ra6 Bf5 63. Ra7 Bg4 64. Ra3 Be6 65. Ra6 Bg4 66. Kd5 Bf5 67. Kd6 Be6 68. Ke7 Bc4 69. Rf6 Ba2 70. Ra6 Bc4 71. Ra7 Be6 72. Ra5 Bg4 73. Ra6 Be2 74. Rc6 Bf3 75. Rf6 Bd5 76. f5 g5 77. Rd6 Bb3 78. Rb6 Ba2 79. Rb2 Bd5 80. Rh2 Bf3 81.
Rf2 Be4 82. f6+ Kg6 83. Rd2 Bf5 84. Rd8 Be6 85. Rh8 Bb3 86.
Rb8 Be6 87. Rh8 Bb3 88. Rb8 Be6 89. Rg8+ Kf5 90. Rg7 h4 91. gxh4 gxh4 92. Rh7 Kg4 93. Rxf7 Bxf7 94. Kxf7 h3 95. Ke7 h2 96. f7 h1=Q 97. f8=Q Qe4+ 98. Kd7 Qf5+ 99. Qxf5+ Kxf5 1/2-1/2

[Event "44th Chess Olympiad Women 2022"]
[Site "Chennai"]
[Date "2022.07.31"]
[Round "3.7"]
[White "Krush, Irina"]
[Black "Bayarmaa, Bayarjargal"]
[Result "1/2-1/2"]
[WhiteElo "2430"]
[BlackElo "2171"]
[Annotator "RC"]
[PlyCount "95"]
[EventDate "2022.??.??"]
[TimeControl "60"]

1. e4 c5 2. Nf3 d6 3. Bb5+ Bd7 4. Bxd7+ Qxd7 5. O-O Nc6 6. Re1 Nf6 7. c3 e6 8. d4 cxd4 9. cxd4 d5 10. e5 Ne4 11. Nbd2 Nxd2 12. Bxd2 Be7 13. Rc1 O-O 14. Rc3 Rfc8 15. a3 a6 16. h4 b5 17. Rd3 Qd8 18. Nh2 Ra7 19. Qg4 Kh8 20. Nf3 Qg8 21. Ng5 Bd8 22. Ree3 Ne7 23. Rf3 Nf5 24. Qf4 Qe8 25. g4 Nh6 26. Qg3 Rc2 27. b3 a5 28. Nh3 Ng8 29. h5 Be7 30.
h6 Nxh6 31. Bxh6 gxh6 32. a4 bxa4 33. bxa4 Rac7 34. Qf4 Qf8 35. Qxf7 Qxf7 36. Rxf7 Kg8 37. Rff3 R2c4 38. Nf4 R7c6 39. Nh5 Rxa4 40. Nf6+ Kg7 41. Nh5+ Kg8 42. Nf6+ Kh8 43. Nh5 Kg8 44. Nf6+ Kg7 45. Nh5+ Kg8 46. Nf6+ Kg7 47. Nh5+ Kg8 48. Nf6+ 1/2-1/2

[Event "44th Chess Olympiad Women 2022"]
[Site "Chennai"]
[Date "2022.07.31"]
[Round "3.7"]
[White "Munkhzul, Turmunkh"]
[Black "Yip, Carissa"]
[Result "1-0"]
[WhiteElo "2277"]
[BlackElo "2416"]
[Annotator "RC"]
[PlyCount "115"]
[EventDate "2022.??.??"]
[TimeControl "60"]

1. e4 e5 2. Nf3 Nc6 3. Bb5 a6 4. Bxc6 dxc6 5. d4 exd4 6.
Qxd4 Qxd4 7. Nxd4 c5 8. Ne2 Bd7 9. Nbc3 O-O-O 10. Be3 Bc6 11. f3 Bd6 12. Rd1 Ne7 13. Bf4 Ng6 14. Bxd6 cxd6 15. Kf2 Rhf8 16. g4 Ne5 17. Nd5 Bxd5 18. Rxd5 Nc4 19. b3 Nb6 20. Rh5 h6 21. Nc3 Rfe8 22. Rd1 f6 23. a4 Re6 24. Ne2 Kc7 25. Nf4 Ree8 26.
h4 Kc6 27. g5 fxg5 28. hxg5 hxg5 29. Rxg5 Rd7 30. Rdg1 Rf7 31.
R1g4 Ref8 32. Kg3 Nd7 33. Rxg7 Ne5 34. Rxf7 Rxf7 35. Rg8 b5 36. axb5+ axb5 37. Rc8+ Kd7 38. Ra8 b4 39. Ra7+ Ke8 40. Rxf7 Kxf7 41. Nd5 Nc6 42. f4 Nd4 43. Ne3 Kf6 44. Kg4 Kg6 45. Kg3 Kf6 46. Kf2 Kf7 47. Ke1 Ne6 48. Nd5 Nd4 49. Kd2 Ke6 50. Kd3 Nb5 51. Ne3 Nc3 52. f5+ Kf7 53. Kc4 Kg7 54. e5 dxe5 55. Kxc5 Na2 56. Nd5 e4 57. Kd4 Kf7 58. Kxe4 1-0